AoeStats
← ic.adelira

Arena

510907387Analyzed
3v3 RM · 12h ago on Oct 3, 2026· 57m 2s· 6 players
Game mode
Random Map
Map size
Normal (6 player)
Population
200
Speed
Normal
Resources
Standard
Victory
Conquest
Starting age
Dark Age
Ending age
Imperial Age
RankedLock teamsTeams togetherTeam positionsShared explorationLock speedFull tech treeHidden civsTurbo modeCheats
Victory
Defeat
🇦🇺 Ethiopians · Australia
1185
+12
🇧🇷 Bohemians · Brazil
1184
+12
🇲🇽 Mongols · Mexico
1160
+13
🇦🇷 Saracens · Argentina
1185
-15
🇦🇷 Bengalis · Argentina
1097
-12
🇦🇷 Lithuanians · Argentina
1028
-10
ic.adelira
9:29 Feudal Age
13:49 Castle Age
12:45 Double-Bit Axe
19:08 Horse Collar
22:52 Wheelbarrow
22:05 Town Watch
22:08 Loom
22:14 Loom
24:09 Heavy Plow
24:33 Bow Saw
25:08 Scale Barding Armor
25:18 Forging
25:11 Gold Mining
25:11 Stone Mining
25:11 Gold Mining
25:11 Stone Mining
26:37 Hand Cart
26:36 Bloodlines
28:26 Husbandry
29:04 Iron Casting
28:55 Chain Barding Armor
31:07 Iron Casting
30:23 Fletching
34:44 Imperial Age
32:31 Light Cavalry
35:59 Conscription
35:14 Heavy Camel Rider
38:07 Gold Shaft Mining
37:22 Stone Mining
39:00 Blast Furnace
37:56 Bodkin Arrow
42:39 Hussar
49:20 Bracer
putinonaritz
11:18 Feudal Age
15:41 Castle Age
26:14 Double-Bit Axe
27:26 Horse Collar
28:28 Heavy Plow
28:40 Bow Saw
29:07 Wheelbarrow
32:14 Hand Cart
31:40 Crossbowman
32:20 Fletching
32:30 Padded Archer Armor
34:38 Ballistics
36:59 Imperial Age
35:36 Bodkin Arrow
35:57 Leather Archer Armor
37:21 Thumb Ring
38:57 Chemistry
38:07 Arbalester
40:45 Bracer
41:15 Ring Archer Armor
41:42 Onager
43:40 Elite Skirmisher
47:45 Torsion Engines
48:06 Conscription
50:35 Siege Engineers
ReiKing
10:10 Feudal Age
15:31 Castle Age
13:41 Horse Collar
14:41 Double-Bit Axe
17:17 Heavy Plow
18:01 Loom
18:59 Atonement
19:11 Fervor
22:56 Bow Saw
23:25 Wheelbarrow
27:38 Imperial Age
25:44 Town Watch
28:08 Ballistics
28:49 Chemistry
29:45 Two-Man Saw
29:05 Murder Holes
29:09 Guard Tower
29:19 Arrowslits
31:23 Hand Cart
32:28 Forging
32:41 Elite Skirmisher
33:45 Scale Mail Armor
34:20 Iron Casting
34:18 Squires
33:39 Pikeman
34:13 Fletching
35:27 Conscription
34:51 Halberdier
36:04 Padded Archer Armor
37:33 Bodkin Arrow
38:40 Blast Furnace
37:55 Chain Mail Armor
40:18 Bracer
42:22 Plate Mail Armor
42:07 Leather Archer Armor
41:34 Crossbowman
50:25 Ring Archer Armor
51:07 Keep
50:52 Bombard Tower
50:34 Arson
Kikelot
11:40 Feudal Age
15:35 Castle Age
13:53 Double-Bit Axe
13:59 Gold Mining
14:06 Horse Collar
16:00 Bloodlines
18:23 Wheelbarrow
19:13 Forging
20:05 Scale Barding Armor
24:58 Chain Barding Armor
25:23 Heavy Plow
26:46 Bow Saw
28:45 Iron Casting
31:19 Imperial Age
29:05 Hand Cart
28:38 Loom
30:27 Husbandry
30:45 Stone Mining
31:23 Cavalier
32:59 Plate Barding Armor
34:48 Stone Shaft Mining
33:59 Town Watch
34:01 Paladin
36:33 Two-Man Saw
41:48 Conscription
45:57 Caravan
49:05 Crop Rotation
[PPP] BlackPanter
9:34 Feudal Age
14:27 Castle Age
12:46 Double-Bit Axe
13:32 Horse Collar
14:36 Loom
15:29 Bow Saw
16:17 Town Watch
19:40 Wheelbarrow
20:59 Heavy Plow
25:03 Town Patrol
25:14 Gold Mining
28:18 Imperial Age
26:12 Fletching
26:23 Padded Archer Armor
26:53 Ballistics
27:31 Bodkin Arrow
27:52 Leather Archer Armor
29:33 Block Printing
29:47 Redemption
34:18 Sanctity
35:18 Bracer
35:48 Ring Archer Armor
36:21 Chemistry
37:00 Elite Elephant Archer
37:55 Pikeman
40:53 Squires
43:52 Halberdier
44:36 Light Cavalry
45:26 Bloodlines
45:16 Husbandry
46:25 Scale Mail Armor
46:35 Forging
48:05 Scale Barding Armor
49:12 Chain Barding Armor
49:28 Iron Casting
49:09 Chain Mail Armor
Aioria
7:02 Loom
9:16 Feudal Age
9:48 Double-Bit Axe
12:33 Wheelbarrow
14:30 Fletching
14:41 Padded Archer Armor
22:46 Castle Age
22:41 Horse Collar
22:52 Gold Mining
22:49 Crossbowman
23:43 Bow Saw
23:41 Bodkin Arrow
29:08 Leather Archer Armor
29:38 Heavy Plow
33:30 Gold Shaft Mining
36:23 Imperial Age
34:13 Hand Cart
33:44 Town Watch
34:43 Stone Mining
36:32 Arbalester
38:16 Chemistry
37:37 Ballistics
37:24 Bracer
37:47 Ballistics
38:05 Ring Archer Armor
38:40 Two-Man Saw
37:50 Thumb Ring
49:47 Scale Mail Armor
49:58 Forging
50:35 Squires
Connection lost

Rejoining the realm…

Still unreachable

The connection could not be restored.

Session expired

The server has moved on; the page needs a fresh start.